 Dungeon Sprint DCSS version 0.25.1-2-g60ff931df9 (webtiles) character file.

Game seed: 6321512708605669376

4655 Cadaver the Grappler (level 10, -3/104 HPs)
             Began as a Troll Hunter on Nov 7, 2020.
             Was a High Priest of Okawaru.
             Slain by a vampire knight
             ... wielding a +0 glaive
              (37 damage)
             ... in the Dungeon (Sprint VII: "The Pits").
             The game lasted 00:10:41 (1331 turns).

Cadaver the Grappler (Troll Hunter)                 Turns: 1331, Time: 00:10:42

Health: -3/104     AC:  8    Str: 23    XL:     10   Next: 20%
Magic:  9/11       EV: 17    Int: 13    God:    Okawaru [*****.]
Gold:   0          SH:  0    Dex: 12    Spells: 9/9 levels left

rFire    . . .     SeeInvis .     - Unarmed
rCold    . . .     Gourm    +   (no shield)
rNeg     . . .     Faith    .   g - +2 robe {MR+}
rPois    .         Spirit   .   (helmet restricted)
rElec    .         Reflect  .   (no cloak)
rCorr    .         Harm     .   (gloves unavailable)
MR       +....     NoTele   +   (boots unavailable)
Stlth    ++++......             (no amulet)
HPRegen  0.67/turn              j - +3 ring of intelligence
MPRegen  0.12/turn              k - +3 ring of intelligence

@: heroism
A: large, unfitting armour, claws 3, fast metabolism 3, gourmand, regeneration
1, shaggy fur 1, tough skin 3
a: Heroism, Finesse, Renounce Religion


You were in the Dungeon.
You worshipped Okawaru.
Okawaru was extremely pleased with you.
You were completely stuffed.

You visited 1 branch

Inventory:

Hand Weapons
 t - the +7 double sword "Couxueso" {vorpal, rElec, unknown}
   (Okawaru gifted it to you in the Dungeon)

   It inflicts extra damage upon your enemies.
   It insulates you from electricity.
Missiles
 a - 14 stones
 b - 16 large rocks (quivered)
 d - 2 throwing nets
Armour
 g - a +2 robe of magic resistance (worn)
Magical Staves
 q - an uncursed staff of energy
Jewellery
 j - a +3 ring of intelligence (left claw)
 k - a +3 ring of intelligence (right claw)
Scrolls
 m - 3 scrolls of remove curse
 n - 5 scrolls of amnesia
 p - 2 scrolls of vulnerability
Potions
 e - 5 potions of heal wounds
 h - a potion of haste
 i - 4 potions of magic
 l - a potion of invisibility
 o - 3 potions of might
 r - 6 potions of curing
 s - 2 potions of brilliance
Comestibles
 c - a chunk of flesh
 f - 10 rations


   Skills:
 * Level 8.0(13.0) Fighting
 + Level 11.6(16.6) Throwing
 + Level 8.1(13.1) Dodging
 + Level 3.2(8.2) Stealth
 * Level 14.6(19.6) Unarmed Combat
 + Level 3.4 Invocations


You had 9 spell levels left.
You didn't know any spells.
Your spell library was empty.

Dungeon Overview and Level Annotations

Branches:
Dungeon (1/1)

Altars:
Ashenzari
Cheibriados
Dithmenos
Elyvilon
Fedhas
Gozag
Hepliaklqana
Kikubaaqudgha
Makhleb
Nemelex Xobeh
Okawaru
Qazlal
Ru
Sif Muna
Trog
Uskayaw
Vehumet
Wu Jian
Xom
Yredelemnul
Zin
The Shining One
Beogh
Jiyva
Lugonu


Innate Abilities, Weirdness & Mutations

You are too large for most types of armour.
You have claws for hands.
Your metabolism is lightning-fast.
You like to eat raw meat.
Your natural rate of healing is unusually fast.
You are covered in fur. (AC +1)
You have extremely tough skin. (AC +3)


Message History

There is a huge open gate to the Metal Vault (Medium) here.
The fire bat barely misses you. The fire bat barely misses you.
The fire bat closely misses you. x2
The fire bat bites you.
You are engulfed in flames!
The fire bat completely misses you.
The blink frog blinks!
The fire bat closely misses you. The fire bat misses you.
The blink frog blinks!
Something hits you!! The fire bat bites you.
You are engulfed in flames!
The fire bat bites you but does no damage.
The blink frog blinks!
You see here a +0 whip.
Something hits you!!
The fire bat bites you but does no damage.
There is an open door to the Storerooms (Easy), spattered with blood here.
The fire bat completely misses you.
You gain the combat prowess of a mighty hero.
Something hits you. The fire bat closely misses you.
The blink frog blinks!
The fire bat completely misses you. Something hits you!!!
You die...

############ #_________.#
#_________.#
#_______...###########++#####
##########'##................
#....'..)'.##......#..#......
##########.##)........§......
#.....)F..).@).....F.........
#'#####'#####b.....#..#......
#.#..#.....##.......F........
#.#..#####'#####÷#####''#####
#.#..#.....##.......##''# ##
#.#..#.....##.......##F.# #.
#.#..###'####.......##..#
#.##'#.....##...<...##..# #
#.#........##.......##..# ##


You could see 2 blink frogs and a fire bat.

Vanquished Creatures
  A lindwurm (D)
  2 deep elf magi (D)
  An orc sorcerer (D)
  A hellwing (D)
  A blink frog (D)
  A snapping turtle (D)
  6 redbacks (D)
  A shadow (D)
  A wyvern (D)
  A hungry ghost (D)
  A porcupine (D)
  A water moccasin (D)
  A necrophage (D)
  A phantom (D)
  A centaur (D)
  A wolf (D)
  A crocodile (D)
  A big kobold (D)
  An iron imp (D)
  A gnoll shaman (D)
  An orc priest (D)
  A hound (D)
  2 orc wizards (D)
  A hell rat (D)
  An iguana (D)
  5 gnolls (D)
  2 adders (D)
  A river rat (D)
  A white imp (D)
  An ooze (D)
  3 orcs (D)
  A goblin (D)
  2 hobgoblins (D)
  A kobold (D)
  A leopard gecko zombie (D)
50 creatures vanquished.

Vanquished Creatures (others)
  A gnoll (D)
1 creature vanquished.

Grand Total: 51 creatures vanquished

Notes
Turn   | Place    | Note
-------+----------+-------------------------------------------
     0 | D        | Cadaver the Troll Hunter began the quest for the Orb.
     0 | D        | Reached XP level 1. HP: 19/19 MP: 0/0
    42 | D        | Found a glowing golden altar of the Shining One.
    42 | D        | Found a glowing silver altar of Zin.
    42 | D        | Found a basalt altar of Yredelemnul.
    42 | D        | Found a shimmering altar of Xom.
    42 | D        | Found an ornate altar of the Wu Jian Council.
    42 | D        | Found a bloodstained altar of Trog.
    42 | D        | Found a shimmering blue altar of Sif Muna.
    42 | D        | Found a sacrificial altar of Ru.
    42 | D        | Found a stormy altar of Qazlal.
    42 | D        | Found an iron altar of Okawaru.
    42 | D        | Found a sparkling altar of Nemelex Xobeh.
    42 | D        | Found a burning altar of Makhleb.
    42 | D        | Found a viscous altar of Jiyva.
    42 | D        | Found a hazy altar of Hepliaklqana.
    42 | D        | Found an opulent altar of Gozag.
    42 | D        | Found a blossoming altar of Fedhas.
    42 | D        | Found a white marble altar of Elyvilon.
    42 | D        | Found a shadowy altar of Dithmenos.
    42 | D        | Found a snail-covered altar of Cheibriados.
    43 | D        | Found a radiant altar of Vehumet.
    43 | D        | Found a corrupted altar of Lugonu.
    43 | D        | Found a roughly hewn altar of Beogh.
    44 | D        | Found a hide-covered altar of Uskayaw.
    44 | D        | Found an ancient bone altar of Kikubaaqudgha.
    44 | D        | Found a shattered altar of Ashenzari.
    48 | D        | Became a worshipper of Warmaster Okawaru
    67 | D        | Reached skill level 1 in Unarmed Combat
    67 | D        | Reached XP level 2. HP: 20/28 MP: 1/1
    68 | D        | Reached skill level 2 in Unarmed Combat
   101 | D        | Reached skill level 5 in Throwing
   129 | D        | Reached XP level 3. HP: 33/35 MP: 2/2
   137 | D        | Reached skill level 3 in Unarmed Combat
   155 | D        | Reached * piety under Okawaru
   155 | D        | Reached XP level 4. HP: 15/42 MP: 3/3
   159 | D        | Reached skill level 1 in Stealth
   159 | D        | Reached skill level 4 in Unarmed Combat
   274 | D        | Noticed a centaur
   274 | D        | Noticed a water moccasin
   274 | D        | Noticed a phantom
   280 | D        | Killed a water moccasin
   280 | D        | Reached skill level 5 in Unarmed Combat
   280 | D        | Reached XP level 5. HP: 53/53 MP: 1/4
   286 | D        | Killed a centaur
   286 | D        | Reached ** piety under Okawaru
   286 | D        | Reached skill level 6 in Unarmed Combat
   286 | D        | Reached XP level 6. HP: 58/62 MP: 1/5
   306 | D        | Reached skill level 7 in Unarmed Combat
   358 | D        | Reached skill level 5 in Dodging
   362 | D        | Noticed an orc sorcerer
   365 | D        | Paralysed by an orc sorcerer for 5 turns
   370 | D        | Noticed a chaos spawn
   375 | D        | Killed an orc sorcerer
   375 | D        | Reached *** piety under Okawaru
   375 | D        | Received a gift from Okawaru
   375 | D        | Reached skill level 5 in Fighting
   375 | D        | Reached skill level 10 in Throwing
   375 | D        | Reached skill level 9 in Unarmed Combat
   375 | D        | Reached skill level 1 in Invocations
   375 | D        | Reached XP level 7. HP: 37/72 MP: 3/6
   437 | D        | Noticed a hungry ghost
   437 | D        | Noticed a deep elf mage
   437 | D        | Noticed a deep elf mage
   439 | D        | Noticed a redback
   442 | D        | Noticed an orange demon
   446 | D        | Noticed a soul eater
   447 | D        | Killed a deep elf mage
   447 | D        | Reached **** piety under Okawaru
   447 | D        | Received a gift from Okawaru
   447 | D        | Reached skill level 10 in Unarmed Combat
   447 | D        | Reached XP level 8. HP: 78/83 MP: 5/8
   457 | D        | Noticed an orange demon
   461 | D        | Killed a deep elf mage
   461 | D        | Received a gift from Okawaru
   461 | D        | Reached skill level 11 in Unarmed Combat
   596 | D        | Reached XP level 9. HP: 92/92 MP: 9/9
   732 | D        | Noticed a lindwurm
   746 | D        | Killed a lindwurm
   746 | D        | Reached skill level 12 in Unarmed Combat
   873 | D        | Reached skill level 13 in Unarmed Combat
   877 | D        | Reached ***** piety under Okawaru
  1074 | D        | Reached skill level 14 in Unarmed Combat
  1074 | D        | Reached XP level 10. HP: 95/104 MP: 8/11
  1174 | D        | Noticed a vampire knight
  1296 | D        | Received a gift from Okawaru
  1297 | D        | Got a polished double sword {god gift}
  1331 | D        | Slain by a vampire knight

Illustrated notes

Levels and vault maps discovered:
D:        pitsprint [storerooms_1, entrance_room_1, metal_vault_3, armoury_2,
          mini_pit_1, grid_room_1, main_hall_1, silver_pit, the_coven_2,
          the_vestibule_1, steel_vault_1, golden_pit, hallway_of_sentries,
          crystal_vault_2, iron_vault_4, final_vault]

Skill      XL: |  1  2  3  4  5  6  7  8  9 10 |
---------------+-------------------------------+-----
Throwing       | 4 5 6 8 10 11 | 11.6
Dodging        | 2 3 4 5 6 7 8 |  8.1
Unarmed Combat | 1 2 3 5 6 9 10 11 14 | 14.6
Fighting       | 2 3 5 6 7 8 |  8.0
Stealth        | 1 2 3 |  3.2
Invocations    | 1 2 3 |  3.4

Action                   |  1- 3 |  4- 6 |  7- 9 | 10-12 || total
-------------------------+-------+-------+-------+-------++-------
Melee: Unarmed           |    21 |    33 |    49 |    22 ||   125
       Punch             |       |       |     5 |       ||     5
Throw: Large rock        |     5 |     8 |    14 |       ||    27
       Stone             |       |     3 |     2 |       ||     5
Invok: Heroism           |       |     3 |     8 |     2 ||    13
  Use: Potion            |     4 |     2 |     3 |       ||     9
       Scroll            |       |       |     2 |       ||     2
 Stab: Sleeping          |     1 |       |       |       ||     1
       Distracted        |       |       |       |     1 ||     1
  Eat: Chunk             |     5 |     4 |     7 |     2 ||    18
Armor: Robe              |    18 |     8 |    14 |    10 ||    50
Dodge: Dodged            |    21 |    25 |    59 |    28 ||   133
